[Event "HUN-ch U8-U18 2019"]
[Site "Balatonlelle"]
[Date "2019.06.21"]
[Round "2.17"]
[White "Tancsa, Tamas"]
[Black "Turcsanyi, Vince Gergo"]
[Result "1-0"]
[ECO "C72"]
[WhiteElo "2158"]
[BlackElo "1816"]
[Annotator "NA"]
[PlyCount "71"]
[EventDate "2019.06.21"]
[EventType "swiss"]
[EventCountry "HUN"]
[SourceTitle "playchess.com"]
[Source "ChessBase"]
[SourceQuality "1"]
[TimeControl "40/5400+30:1800+30"]

1. e4 e5 2. Nf3 Nc6 3. Bb5 a6 4. Ba4 d6 5. O-O Bd7 6. c3 g6 7. d4 Bg7 8. Be3 Nge7 9. Bb3 h6 10. Ne1 O-O 11. f4 exf4 12. Bxf4 Na5 13. Bc2 d5 14. Nd2 dxe4 15. Nxe4 Nd5 16. Bc1 Bf5 17. Rxf5 gxf5 18. Ng3 f4 19. Nh5 Qg5 20. Qf3 Rfe8 21. Bxf4 Nxf4 22. Nxf4 Nc4 23. Ned3 c6 24. Qf2 Ne3 25. Bb3 Ng4 26. Qf1 Re7 27. h3 Nf6 28. Ne5 Kf8 29. Bxf7 Rxe5 30. dxe5 Kxf7 31. exf6 Bxf6 32. Qc4+ Ke8 33. Re1+ Kd7 34. Qf7+ Be7 35. Rd1+ Kc8 36. Ne6 1-0

[Event "HUN-ch U8-U18 2019"]
[Site "Balatonlelle"]
[Date "2019.06.22"]
[Round "2.18"]
[White "Barasits, Balint"]
[Black "Miszler, Levente"]
[Result "0-1"]
[ECO "C06"]
[WhiteElo "2022"]
[BlackElo "2041"]
[Annotator "NA"]
[PlyCount "113"]
[EventDate "2019.06.21"]
[EventType "swiss"]
[EventCountry "HUN"]
[SourceTitle "playchess.com"]
[Source "ChessBase"]
[SourceQuality "1"]
[TimeControl "40/5400+30:1800+30"]

1. e4 e6 2. d4 d5 3. Nd2 Nf6 4. e5 Nfd7 5. Bd3 c5 6. c3 Nc6 7. Ne2 cxd4 8. cxd4 f6 9. exf6 Nxf6 10. Nf3 Bd6 11. O-O O-O 12. Nc3 Qe8 13. h3 e5 14. dxe5 Nxe5 15. Nxe5 Qxe5 16. f4 Bc5+ 17. Kh1 Qd6 18. Qf3 Bd7 19. f5 Bc6 20. Bf4 Qd7 21. Be5 Rae8 22. Bxf6 Re3 23. Qf4 Rxd3 24. Be5 d4 25. Ne4 Bxe4 26. Qxe4 Re3 27. Qf4 Qd5 28. Rae1 Rxh3+ 29. Kg1 d3+ 30. Rf2 Bxf2+ 31. Kxf2 d2 32. Rd1 Rd3 33. f6 gxf6 34. Bxf6 Qd4+ 35. Qxd4 Rxd4 36. Ke3 Rd7 37. Bc3 Re8+ 38. Kf2 Re1 39. Rxd2 Rxd2+ 40. Bxd2 Re6 41. g3 Kf7 42. Bc3 Kg6 43. Kf3 Rc6 44. Ke4 Kg5 45. Be5 Kg4 46. Kd5 Ra6 47. b4 Rxa2 48. Kd6 Ra6+ 49. Kc5 Rg6 50. Bb8 Rg5+ 51. Kc4 a6 52. Bf4 Rf5 53. Bc7 h5 54. Bb8 b5+ 55. Kd4 Rf3 56. Kc5 Rxg3 57. Kd4 0-1

[Event "HUN-ch U8-U18 2019"]
[Site "Balatonlelle"]
[Date "2019.06.22"]
[Round "2.18"]
[White "Szegedy, Matyas"]
[Black "Konyves, Almos"]
[Result "1-0"]
[ECO "C46"]
[WhiteElo "1806"]
[BlackElo "2125"]
[Annotator "NA"]
[PlyCount "95"]
[EventDate "2019.06.21"]
[EventType "swiss"]
[EventCountry "HUN"]
[SourceTitle "playchess.com"]
[Source "ChessBase"]
[SourceQuality "1"]
[TimeControl "40/5400+30:1800+30"]

1. e4 e5 2. Nf3 Nc6 3. Nc3 g6 4. Bc4 Bg7 5. d3 Nge7 6. Ng5 O-O 7. O-O h6 8. Nxf7 Rxf7 9. Bxf7+ Kxf7 10. f4 exf4 11. Bxf4 Kg8 12. Qf3 d6 13. Nd5 Be6 14. c3 Kh7 15. d4 Qd7 16. Ne3 Rf8 17. Qe2 Bg8 18. Ng4 d5 19. e5 Be6 20. Ne3 Nf5 21. Nxf5 Bxf5 22. h3 Nd8 23. Rad1 Ne6 24. Bh2 Ng5 25. c4 c6 26. cxd5 Qxd5 27. b3 Bxh3 28. Rxf8 Bxf8 29. Bf4 Ne6 30. Be3 Bf5 31. Qf2 Bg7 32. Rc1 h5 33. Qh4 Qd7 34. Rf1 Nc7 35. Re1 Nd5 36. Bf2 Nb4 37. Qg3 Nd3 38. Rd1 Nxe5 39. Qc3 Ng4 40. Bh4 Qe8 41. Re1 Bxd4+ 42. Qxd4 Qf8 43. Re7+ Kg8 44. Qc4+ Kh8 45. Rf7 Qe8 46. Qc3+ Ne5 47. Re7 g5 48. Bxg5 1-0

[Event "HUN-ch U8-U18 2019"]
[Site "Balatonlelle"]
[Date "2019.06.21"]
[Round "2.19"]
[White "Tran, David"]
[Black "Herczeg, Marcell"]
[Result "1-0"]
[ECO "C48"]
[WhiteElo "2078"]
[BlackElo "1783"]
[Annotator "NA"]
[PlyCount "92"]
[EventDate "2019.06.21"]
[EventType "swiss"]
[EventCountry "HUN"]
[SourceTitle "playchess.com"]
[Source "ChessBase"]
[SourceQuality "1"]
[TimeControl "40/5400+30:1800+30"]

1. e4 e5 2. Nf3 Nc6 3. Bb5 Nf6 4. Nc3 d6 5. d4 exd4 6. Nxd4 Bd7 7. f3 Nxd4 8. Bxd7+ Qxd7 9. Qxd4 Be7 10. Bf4 Nh5 11. Be3 Qc6 12. Nd5 Bf6 13. Nxf6+ Nxf6 14. O-O-O Qa6 15. Kb1 Qb6 16. Qd3 Qc6 17. Bd4 O-O-O 18. Bxf6 gxf6 19. Qd4 Kb8 20. Qxf6 Qc4 21. Qd4 Qe6 22. Rd3 h5 23. Qd5 Qg6 24. Rb3 b6 25. g3 Rde8 26. a4 Rhg8 27. Rc3 Re5 28. Qc6 Rc8 29. Rd1 Qg5 30. f4 Qg4 31. Rdd3 Rc5 32. Rxc5 dxc5 33. a5 Qe6 34. Qxe6 fxe6 35. a6 Rg8 36. Rd7 Kc8 37. Rh7 Rg6 38. Rxh5 Kd7 39. Rh7+ Kd6 40. f5 exf5 41. exf5 Rg5 42. f6 Rf5 43. f7 Ke7 44. f8=Q+ Kxf8 45. Rxc7 Rf7 46. Rxf7+ Kxf7 1-0

[Event "HUN-ch U8-U18 2019"]
[Site "Balatonlelle"]
[Date "2019.06.22"]
[Round "2.19"]
[White "Kovacs, Gabor Etele"]
[Black "Kresz, Adam"]
[Result "0-1"]
[ECO "C06"]
[WhiteElo "2062"]
[BlackElo "1949"]
[Annotator "NA"]
[PlyCount "76"]
[EventDate "2019.06.21"]
[EventType "swiss"]
[EventCountry "HUN"]
[SourceTitle "playchess.com"]
[Source "ChessBase"]
[SourceQuality "1"]
[TimeControl "40/5400+30:1800+30"]

1. e4 e6 2. d4 d5 3. Nd2 Nf6 4. e5 Nfd7 5. c3 c5 6. Bd3 Nc6 7. Ne2 cxd4 8. cxd4 f6 9. exf6 Nxf6 10. Nf3 Bd6 11. O-O Qc7 12. Bg5 O-O 13. Nc3 a6 14. Bh4 g6 15. Bg3 Bxg3 16. hxg3 Qg7 17. Rc1 g5 18. Re1 Ng4 19. Qd2 h6 20. Bc2 Nxf2 21. Qxf2 g4 22. Rcd1 Bd7 23. Kh2 Qf7 24. Rf1 Qh5+ 25. Kg1 gxf3 26. gxf3 Rf7 27. Kg2 Raf8 28. f4 Qg4 29. Kh2 Qg7 30. a3 e5 31. dxe5 Nxe5 32. Qd4 Qg4 33. Qxd5 Qh3+ 34. Kg1 Bc6 35. Bb3 Ng4 36. Rd2 Ne3 37. Rff2 Nxd5 38. Nxd5 Kh8 0-1

[Event "HUN-ch U8-U18 2019"]
[Site "Balatonlelle"]
[Date "2019.06.22"]
[Round "2.20"]
[White "Birovecz, Ben Jordan"]
[Black "Kaloczi, Kristof"]
[Result "0-1"]
[ECO "A40"]
[WhiteElo "1912"]
[BlackElo "2098"]
[Annotator "NA"]
[PlyCount "140"]
[EventDate "2019.06.21"]
[EventType "swiss"]
[EventCountry "HUN"]
[SourceTitle "playchess.com"]
[Source "ChessBase"]
[SourceQuality "1"]
[TimeControl "40/5400+30:1800+30"]

1. d4 b5 2. e4 Bb7 3. Nd2 a6 4. Ngf3 e6 5. Bd3 d6 6. O-O Nf6 7. c3 Be7 8. Qe2 Nbd7 9. a4 c6 10. e5 dxe5 11. Nxe5 O-O 12. f4 bxa4 13. Ndf3 c5 14. Ng5 cxd4 15. Nexf7 Rxf7 16. Qxe6 Bd5 17. Qh3 Nf8 18. cxd4 Bb4 19. Nxf7 Bxf7 20. Rxa4 a5 21. Be3 Nd5 22. Raa1 Qd6 23. Rad1 Re8 24. Bc1 Nf6 25. Kh1 Bh5 26. Bc4+ Kh8 27. Bb5 Rd8 28. Rf3 Bxf3 29. gxf3 Qd5 30. Ba4 Qf7 31. Bc2 Re8 32. Qh4 Ng6 33. Qg3 Nh5 34. Qg5 Nhxf4 35. Bxf4 Qxf4 36. Qh5 Kg8 37. Rg1 Re1 38. Qd5+ Qf7 39. Rxe1 Bxe1 40. Qd8+ Qf8 41. Qd5+ Kh8 42. Qh5 Qf6 43. Bxg6 Qxg6 44. Qe5 Qf7 45. Qxe1 Qxf3+ 46. Kg1 Qg4+ 47. Kf1 Qf5+ 48. Kg1 h6 49. Qd2 Qd5 50. Qc3 Kg8 51. Qc8+ Kf7 52. Qc7+ Kg6 53. Qc2+ Kf6 54. Qc3 g5 55. Kf2 h5 56. Qe3 g4 57. Qh6+ Ke7 58. Qe3+ Kf7 59. Qf4+ Kg6 60. Qe3 h4 61. Kg1 h3 62. Qe8+ Kg5 63. Qe3+ Kf5 64. Qe5+ Qxe5 65. dxe5 Kxe5 66. Kf2 a4 67. Kg3 Kf5 68. Kh4 Kf4 69. Kh5 g3 70. hxg3+ Kxg3 0-1

[Event "HUN-ch U8-U18 2019"]
[Site "Balatonlelle"]
[Date "2019.06.21"]
[Round "2.20"]
[White "Szabo, Marton Nandor"]
[Black "Palczert, Matyas"]
[Result "0-1"]
[ECO "E06"]
[WhiteElo "1665"]
[BlackElo "2007"]
[Annotator "NA"]
[PlyCount "62"]
[EventDate "2019.06.21"]
[EventType "swiss"]
[EventCountry "HUN"]
[SourceTitle "playchess.com"]
[Source "ChessBase"]
[SourceQuality "1"]
[TimeControl "40/5400+30:1800+30"]

1. Nf3 Nf6 2. c4 e6 3. g3 d5 4. d4 Be7 5. Bg2 O-O 6. O-O dxc4 7. Qc2 a6 8. Qxc4 b5 9. Qc2 Bb7 10. Bg5 Nbd7 11. Bxf6 Nxf6 12. Nbd2 Rc8 13. Nb3 Be4 14. Qc1 Bd5 15. Ne5 Bxg2 16. Kxg2 Qd5+ 17. Nf3 Ne4 18. Rd1 g5 19. Kg1 g4 20. Ne5 Ng5 21. Qc6 Qxc6 22. Nxc6 Bd6 23. Nc5 f5 24. Nxa6 f4 25. Nc5 fxg3 26. fxg3 Nh3+ 27. Kg2 Rf2+ 28. Kh1 Rcf8 29. Nxe6 Rxh2+ 30. Kxh2 Rf2+ 31. Kh1 Bxg3 0-1

[Event "HUN-ch U8-U18 2019"]
[Site "Balatonlelle"]
[Date "2019.06.22"]
[Round "2.21"]
[White "Erseki, Tamara"]
[Black "Kovacs, Judit"]
[Result "1-0"]
[ECO "B19"]
[WhiteElo "1999"]
[BlackElo "2025"]
[Annotator "NA"]
[PlyCount "111"]
[EventDate "2019.06.21"]
[EventType "swiss"]
[EventCountry "HUN"]
[SourceTitle "playchess.com"]
[Source "ChessBase"]
[SourceQuality "1"]
[TimeControl "40/5400+30:1800+30"]

1. e4 c6 2. Nc3 d5 3. d4 dxe4 4. Nxe4 Bf5 5. Ng3 Bg6 6. Nf3 Nd7 7. h4 h6 8. h5 Bh7 9. Bd3 Bxd3 10. Qxd3 e6 11. Bf4 Qa5+ 12. Bd2 Bb4 13. Ne4 Bxd2+ 14. Nfxd2 Ngf6 15. Nd6+ Ke7 16. O-O b5 17. N2e4 Nxe4 18. Nxe4 Rhd8 19. Rae1 Kf8 20. Qf3 Qb4 21. c3 Qe7 22. Qf4 Nb6 23. Nc5 Nd5 24. Qe4 Kg8 25. f4 Qh4 26. Qf3 Ne7 27. g3 Qf6 28. Ne4 Qf5 29. g4 Qd5 30. f5 f6 31. fxe6 Rf8 32. Nc5 Qxf3 33. Rxf3 a5 34. b3 Rfd8 35. Rd3 Kf8 36. Kf2 Rd6 37. Kf3 Ra7 38. c4 Nc8 39. Rc1 bxc4 40. bxc4 Ke7 41. Rb1 Rd8 42. Nb7 Rf8 43. d5 cxd5 44. cxd5 Nd6 45. Nxd6 Kxd6 46. Ke4 a4 47. Rc3 a3 48. Rb6+ Ke7 49. Kf5 Rd8 50. Rc5 Rd6 51. Rbc6 Rxc6 52. Rxc6 Ra5 53. Rc7+ Kf8 54. Rd7 Rb5 55. Kg6 Rb2 56. d6 1-0

[Event "HUN-ch U8-U18 2019"]
[Site "Balatonlelle"]
[Date "2019.06.21"]
[Round "2.21"]
[White "Kolimar, Kristof Pal"]
[Black "Gulacsi, Donat Ferenc"]
[Result "0-1"]
[ECO "A06"]
[WhiteElo "1979"]
[BlackElo "1638"]
[Annotator "NA"]
[PlyCount "78"]
[EventDate "2019.06.21"]
[EventType "swiss"]
[EventCountry "HUN"]
[SourceTitle "playchess.com"]
[Source "ChessBase"]
[SourceQuality "1"]
[TimeControl "40/5400+30:1800+30"]

1. Nf3 d5 2. c4 c6 3. d4 Nf6 4. Qc2 Bg4 5. Ne5 Bh5 6. cxd5 cxd5 7. Nc3 e6 8. e4 Be7 9. Bb5+ Nbd7 10. exd5 exd5 11. Nxd5 O-O 12. Nxd7 Nxd7 13. O-O Nf6 14. Nxe7+ Qxe7 15. Be3 Ng4 16. Bf4 Qb4 17. Qc5 Qxc5 18. dxc5 Nf6 19. Rac1 Rac8 20. Bd6 Rfd8 21. Rfe1 Bg4 22. Re7 Rxd6 23. h3 Bd7 24. Rce1 Rd4 25. a4 Kf8 26. R1e5 Bxb5 27. axb5 Rxc5 28. Rxf7+ Kxf7 29. Rxc5 Ke6 30. Rc7 Rd7 31. Rc8 Rd5 32. Rc7 Rxb5 33. Rxg7 Rxb2 34. g4 a5 35. g5 a4 36. gxf6 a3 37. f7 Ke7 38. Kh2 a2 39. Rg1 Rb1 0-1

[Event "HUN-ch U8-U18 2019"]
[Site "Balatonlelle"]
[Date "2019.06.21"]
[Round "2.22"]
[White "Marjanovic, Alex"]
[Black "Bodrogi, Bendeguz"]
[Result "0-1"]
[ECO "B29"]
[WhiteElo "1629"]
[BlackElo "1925"]
[Annotator "NA"]
[PlyCount "70"]
[EventDate "2019.06.21"]
[EventType "swiss"]
[EventCountry "HUN"]
[SourceTitle "playchess.com"]
[Source "ChessBase"]
[SourceQuality "1"]
[TimeControl "40/5400+30:1800+30"]

1. e4 c5 2. Nf3 Nf6 3. e5 Nd5 4. g3 Nc6 5. Bg2 d6 6. exd6 exd6 7. O-O Be7 8. Re1 O-O 9. d4 Bf6 10. dxc5 dxc5 11. Bg5 Ndb4 12. Qxd8 Bxd8 13. Na3 Bg4 14. Bxd8 Raxd8 15. Ne5 Nxe5 16. Rxe5 b6 17. f3 Be6 18. Re2 Rd7 19. c3 Nd3 20. Rd2 Rfd8 21. f4 g6 22. Bc6 Rd6 23. Bb5 Nxf4 24. Rxd6 Nh3+ 25. Kg2 Rxd6 26. Nc4 Rd8 27. Re1 Ng5 28. Re2 h5 29. h4 Ne4 30. Kh2 Nf6 31. Kg2 Ng4 32. Ne3 Nxe3+ 33. Rxe3 Rd2+ 34. Re2 Rxe2+ 35. Bxe2 Bxa2 0-1

[Event "HUN-ch U8-U18 2019"]
[Site "Balatonlelle"]
[Date "2019.06.22"]
[Round "2.22"]
[White "Buri, Kata"]
[Black "Toth, Nikoletta"]
[Result "1-0"]
[ECO "B30"]
[WhiteElo "1393"]
[BlackElo "2010"]
[Annotator "NA"]
[PlyCount "63"]
[EventDate "2019.06.21"]
[EventType "swiss"]
[EventCountry "HUN"]
[SourceTitle "playchess.com"]
[Source "ChessBase"]
[SourceQuality "1"]
[TimeControl "40/5400+30:1800+30"]

1. e4 c5 2. Nf3 Nc6 3. Bb5 Qc7 4. O-O a6 5. Bxc6 dxc6 6. a4 a5 7. d4 cxd4 8. Qxd4 Nf6 9. e5 Nd5 10. Na3 e6 11. Nc4 c5 12. Qg4 g6 13. Bg5 b6 14. Rfd1 h6 15. Bf4 h5 16. Qg3 Nxf4 17. Qxf4 Bh6 18. Qf6 O-O 19. Rd6 Bb7 20. Nxb6 Rad8 21. Rad1 Bg7 22. Qg5 Bxf3 23. gxf3 Rxd6 24. Rxd6 Rb8 25. Nd7 Rxb2 26. Qe7 Rb7 27. Qe8+ Kh7 28. Qxf7 Kh6 29. Qf4+ Kh7 30. Qf7 Kh6 31. Qxe6 Kh7 32. Qxg6+ 1-0

[Event "HUN-ch U8-U18 2019"]
[Site "Balatonlelle"]
[Date "2019.06.21"]
[Round "2.23"]
[White "Magold, Filip"]
[Black "Kasnya, Peter"]
[Result "1-0"]
[ECO "B28"]
[WhiteElo "1906"]
[BlackElo "1496"]
[Annotator "NA"]
[PlyCount "95"]
[EventDate "2019.06.21"]
[EventType "swiss"]
[EventCountry "HUN"]
[SourceTitle "playchess.com"]
[Source "ChessBase"]
[SourceQuality "1"]
[TimeControl "40/5400+30:1800+30"]

1. e4 c5 2. Nf3 a6 3. d4 cxd4 4. Nxd4 Nf6 5. Nc3 e5 6. Nde2 Bb4 7. Bg5 O-O 8. a3 Be7 9. Bxf6 Bxf6 10. Nd5 b5 11. c3 Bb7 12. Ng3 d6 13. Be2 Bxd5 14. Qxd5 Ra7 15. Rd1 Rd7 16. Bg4 Rc7 17. Qxd6 Qxd6 18. Rxd6 Bg5 19. O-O Nc6 20. Rfd1 Rd8 21. Rxd8+ Bxd8 22. Bd7 Bf6 23. Rd6 Nb8 24. Bg4 Be7 25. Rb6 Nd7 26. Rxa6 Nf6 27. Be2 Rb7 28. Ra8+ Bf8 29. Bd3 Nd7 30. Kf1 Nc5 31. Bc2 g6 32. Ne2 Rd7 33. Ke1 Kg7 34. Ng1 Ne6 35. g3 Bc5 36. Nf3 f6 37. Rc8 Ba7 38. Rc6 Nd8 39. Rc8 Ne6 40. Ke2 h5 41. b4 Kh7 42. Rc6 Ng5 43. Nxg5+ fxg5 44. Bb3 h4 45. Rc8 h3 46. Be6 Re7 47. Bxh3 Rf7 48. f3 1-0

[Event "HUN-ch U8-U18 2019"]
[Site "Balatonlelle"]
[Date "2019.06.22"]
[Round "2.23"]
[White "Sulyok, Eszter"]
[Black "Farkas, Boglarka"]
[Result "1-0"]
[ECO "A20"]
[WhiteElo "1840"]
[BlackElo "1392"]
[Annotator "NA"]
[PlyCount "75"]
[EventDate "2019.06.21"]
[EventType "swiss"]
[EventCountry "HUN"]
[SourceTitle "playchess.com"]
[Source "ChessBase"]
[SourceQuality "1"]
[TimeControl "40/5400+30:1800+30"]

1. c4 e5 2. e3 Nf6 3. a3 c6 4. d4 exd4 5. Qxd4 d5 6. Nf3 h6 7. Nc3 Be6 8. cxd5 Nxd5 9. e4 Nxc3 10. Qxc3 Nd7 11. Bf4 Nf6 12. Bd3 Be7 13. h3 O-O 14. O-O Qb6 15. Be3 Qb3 16. Qxb3 Bxb3 17. Nd4 Rfd8 18. Be2 Rxd4 19. Bxd4 Nxe4 20. Rfe1 c5 21. Be3 Bf6 22. Bf3 Bxb2 23. Rab1 Bc3 24. Rec1 Bd2 25. Rxb3 Bxc1 26. Bxe4 Bxe3 27. fxe3 Rb8 28. Rxb7 Rxb7 29. Bxb7 Kf8 30. Kf1 Ke7 31. Ke2 Kd7 32. Kd3 Kc7 33. Be4 f6 34. Kc4 Kb6 35. g3 g5 36. g4 a6 37. Bd5 a5 38. a4 1-0

[Event "HUN-ch U8-U18 2019"]
[Site "Balatonlelle"]
[Date "2019.06.22"]
[Round "2.24"]
[White "Toth, Gergely"]
[Black "Megyaszai, Balazs"]
[Result "1-0"]
[ECO "B84"]
[WhiteElo "2183"]
[BlackElo "1905"]
[Annotator "NA"]
[PlyCount "105"]
[EventDate "2019.06.21"]
[EventType "swiss"]
[EventCountry "HUN"]
[SourceTitle "playchess.com"]
[Source "ChessBase"]
[SourceQuality "1"]
[TimeControl "40/5400+30:1800+30"]

1. e4 c5 2. Nf3 d6 3. d4 cxd4 4. Nxd4 Nf6 5. Nc3 a6 6. Be2 e6 7. Be3 Be7 8. O-O Qc7 9. f4 Nc6 10. Qd2 O-O 11. Bf3 Bd7 12. Qf2 Rac8 13. Rad1 b5 14. a3 Qb8 15. Nce2 Rfd8 16. c3 e5 17. Nxc6 Bxc6 18. Ng3 Qb7 19. Qc2 a5 20. b4 a4 21. f5 d5 22. Bg5 Qa7+ 23. Kh1 dxe4 24. Rxd8+ Rxd8 25. Nxe4 Nxe4 26. Bxe7 Rd2 27. Bc5 Qxc5 28. Qxd2 Nxd2 29. bxc5 e4 30. Rd1 exf3 31. Rxd2 fxg2+ 32. Kg1 Kf8 33. Rd6 Be4 34. Rb6 Ke7 35. Rxb5 Kd7 36. Rb4 Bc6 37. Rg4 g6 38. fxg6 hxg6 39. Rf4 Ke7 40. Rd4 g5 41. Rd6 Be4 42. Ra6 f5 43. Rxa4 Bc6 44. Rb4 Kd7 45. a4 Kc7 46. a5 f4 47. a6 f3 48. Rb6 g4 49. a7 Bb7 50. Rg6 Ba8 51. Rg8 Kb7 52. c6+ Kxa7 53. c7 1-0

[Event "HUN-ch U8-U18 2019"]
[Site "Balatonlelle"]
[Date "2019.06.22"]
[Round "2.24"]
[White "Kobol, Kitti"]
[Black "Karacsonyi, Kata"]
[Result "0-1"]
[ECO "B67"]
[WhiteElo "1318"]
[BlackElo "1798"]
[Annotator "NA"]
[PlyCount "72"]
[EventDate "2019.06.21"]
[EventType "swiss"]
[EventCountry "HUN"]
[SourceTitle "playchess.com"]
[Source "ChessBase"]
[SourceQuality "1"]
[TimeControl "40/5400+30:1800+30"]

1. e4 c5 2. Nf3 d6 3. d4 cxd4 4. Nxd4 Nf6 5. Nc3 Nc6 6. Bg5 e6 7. Qd2 a6 8. O-O-O Bd7 9. f4 b5 10. e5 dxe5 11. Nxc6 Bxc6 12. Qxd8+ Rxd8 13. Rxd8+ Kxd8 14. fxe5 h6 15. Bh4 g5 16. exf6 gxh4 17. Rg1 Bc5 18. Rh1 Bd4 19. h3 Bxf6 20. Ne2 Rg8 21. Rg1 Bg5+ 22. Kb1 Be3 23. Rh1 Bxg2 24. Bxg2 Rxg2 25. Rd1+ Ke7 26. Nc3 Rh2 27. Rd3 Rh1+ 28. Nd1 f5 29. c3 f4 30. Kc2 Rh2+ 31. Kb3 Rxh3 32. Nf2 Rg3 33. Ne4 h3 34. Nxg3 fxg3 35. Rxe3 h2 36. Rxg3 h1=Q 0-1

[Event "HUN-ch U8-U18 2019"]
[Site "Balatonlelle"]
[Date "2019.06.21"]
[Round "2.26"]
[White "Zsaki, Akos"]
[Black "Kossela, Peter"]
[Result "1/2-1/2"]
[ECO "C54"]
[WhiteElo "1432"]
[BlackElo "1480"]
[Annotator "NA"]
[PlyCount "68"]
[EventDate "2019.06.21"]
[EventType "swiss"]
[EventCountry "HUN"]
[SourceTitle "playchess.com"]
[Source "ChessBase"]
[SourceQuality "1"]
[TimeControl "40/5400+30:1800+30"]

1. e4 e5 2. Nf3 Nc6 3. Bc4 Bc5 4. c3 Nf6 5. d3 d6 6. Nbd2 O-O 7. O-O a6 8. a4 Ba7 9. h3 h6 10. Re1 Qe7 11. Nf1 Be6 12. Bb3 Nd8 13. Be3 Bxe3 14. Nxe3 Bxb3 15. Qxb3 Qe6 16. c4 Qc8 17. Nd5 Nxd5 18. cxd5 c5 19. Qb6 Qd7 20. a5 Rc8 21. Rec1 Qc7 22. Qxc7 Rxc7 23. b4 f6 24. Rc2 Nf7 25. bxc5 Rxc5 26. Rxc5 dxc5 27. Rb1 Nd6 28. Rb6 Rd8 29. Nd2 Rd7 30. Nc4 Nb5 31. Kf1 Kf7 32. Ke1 Ke7 33. Kd2 Nd4 34. f3 Nb5 1/2-1/2

[Event "HUN-ch U8-U18 2019"]
[Site "Balatonlelle"]
[Date "2019.06.21"]
[Round "2.27"]
[White "Giang, Tran Nam"]
[Black "Havasi, Gergely Bulcsu"]
[Result "1-0"]
[ECO "C42"]
[WhiteElo "2008"]
[BlackElo "1486"]
[Annotator "NA"]
[PlyCount "77"]
[EventDate "2019.06.21"]
[EventType "swiss"]
[EventCountry "HUN"]
[SourceTitle "playchess.com"]
[Source "ChessBase"]
[SourceQuality "1"]
[TimeControl "40/5400+30:1800+30"]

1. e4 e5 2. Nf3 Nf6 3. Nxe5 Qe7 4. d4 d6 5. Nf3 Nxe4 6. Be2 d5 7. O-O Qf6 8. Re1 Bd6 9. Nc3 c6 10. Bd3 O-O 11. Nxe4 dxe4 12. Bxe4 h6 13. Qd3 Na6 14. c3 Be6 15. Bd2 Rac8 16. b3 Rfd8 17. Qc2 Bf4 18. Bxf4 Qxf4 19. Qd2 Qd6 20. Rad1 b5 21. Re3 Nc7 22. Ne5 Nd5 23. Rg3 Bd7 24. Nxd7 Rxd7 25. Bf5 Rcc7 26. Bxd7 Rxd7 27. Re1 Re7 28. Rxe7 Qxe7 29. h3 g5 30. c4 bxc4 31. bxc4 Nb6 32. Qc3 f5 33. Re3 Qf7 34. Qe1 Kf8 35. Qb4+ Kg8 36. Qd6 Qd7 37. Qg6+ Kf8 38. Qf6+ Kg8 39. Re7 1-0

[Event "HUN-ch U8-U18 2019"]
[Site "Balatonlelle"]
[Date "2019.06.21"]
[Round "2.28"]
[White "Kovacs, Kristof"]
[Black "Panda, Barnabas"]
[Result "0-1"]
[ECO "B30"]
[WhiteElo "1435"]
[BlackElo "1722"]
[Annotator "NA"]
[PlyCount "64"]
[EventDate "2019.06.21"]
[EventType "swiss"]
[EventCountry "HUN"]
[SourceTitle "playchess.com"]
[Source "ChessBase"]
[SourceQuality "1"]
[TimeControl "40/5400+30:1800+30"]

1. e4 c5 2. Nf3 Nc6 3. Bb5 d6 4. d4 cxd4 5. Qxd4 Bd7 6. Bxc6 Bxc6 7. Nc3 Nf6 8. Bg5 Nd7 9. O-O Qb6 10. b4 Qxd4 11. Nxd4 Nb6 12. a4 h6 13. Be3 Nc4 14. Ra2 Nxe3 15. fxe3 Rc8 16. b5 Bd7 17. Nce2 e5 18. Nb3 Be6 19. Rc1 Be7 20. Rb2 d5 21. Ra2 dxe4 22. a5 Bg4 23. Ng3 Be6 24. Ne2 f5 25. Ra4 Bxb3 26. cxb3 Rxc1+ 27. Nxc1 Kd7 28. Ne2 Rc8 29. Kf2 Rc2 30. Rc4 Rb2 31. b6 axb6 32. axb6 Bd6 0-1

[Event "HUN-ch U8-U18 2019"]
[Site "Balatonlelle"]
[Date "2019.06.21"]
[Round "2.29"]
[White "Lehocz, Jozsef Jr."]
[Black "Foldes, Marton Gabor"]
[Result "1/2-1/2"]
[ECO "B21"]
[WhiteElo "1382"]
[BlackElo "1653"]
[Annotator "NA"]
[PlyCount "106"]
[EventDate "2019.06.21"]
[EventType "swiss"]
[EventCountry "HUN"]
[SourceTitle "playchess.com"]
[Source "ChessBase"]
[SourceQuality "1"]
[TimeControl "40/5400+30:1800+30"]

1. e4 c5 2. d4 cxd4 3. c3 Nf6 4. e5 Nd5 5. cxd4 e6 6. Nf3 b6 7. Bc4 Bb7 8. Nc3 Nxc3 9. bxc3 Qc7 10. Qd3 d6 11. Bb5+ Nd7 12. Ba3 Rc8 13. Rc1 Bc6 14. c4 Bxb5 15. cxb5 Qxc1+ 16. Bxc1 Rxc1+ 17. Ke2 Rxh1 18. Qa3 dxe5 19. Qxa7 Be7 20. dxe5 Rc1 21. Nd4 Rc8 22. Nc6 Bd8 23. Qb7 Rc7 24. Qa8 O-O 25. Nxd8 Rc5 26. a4 Rxe5+ 27. Kf1 Rd5 28. a5 Rxb5 29. a6 Rd5 30. a7 Nf6 31. Qxd5 Nxd5 32. a8=Q b5 33. Qa5 b4 34. Nc6 Rc8 35. Nxb4 Nf4 36. Nc6 Ng6 37. Qa7 Rf8 38. Ne7+ Nxe7 39. Qxe7 h6 40. Ke2 Ra8 41. g4 g6 42. h4 Kg7 43. Kf3 Rb8 44. Qa3 Rd8 45. Qc3+ Kg8 46. Kf4 Rd5 47. Qf6 h5 48. f3 Kf8 49. Ke4 Kg8 50. gxh5 Rxh5 51. Qd8+ Kg7 52. Qd4+ Kg8 53. f4 Rf5 1/2-1/2

[Event "HUN-ch U8-U18 2019"]
[Site "Balatonlelle"]
[Date "2019.06.22"]
[Round "2.30"]
[White "Pasti, Zsombor"]
[Black "Toth, Barnabas"]
[Result "1/2-1/2"]
[ECO "A56"]
[WhiteElo "1641"]
[BlackElo "1363"]
[Annotator "NA"]
[PlyCount "105"]
[EventDate "2019.06.21"]
[EventType "swiss"]
[EventCountry "HUN"]
[SourceTitle "playchess.com"]
[Source "ChessBase"]
[SourceQuality "1"]
[TimeControl "40/5400+30:1800+30"]

1. d4 Nf6 2. c4 c5 3. e3 g6 4. Nc3 cxd4 5. exd4 d6 6. Nf3 Bg7 7. Be2 O-O 8. O-O Bf5 9. Be3 d5 10. Qb3 Qc7 11. cxd5 Nbd7 12. Rac1 Qb6 13. Qa3 Rfe8 14. Nb5 Nxd5 15. Bc4 N7f6 16. Bg5 a6 17. Bxf6 axb5 18. Ne5 Rxa3 19. Bxd5 Bxf6 20. Bxf7+ Kf8 21. Bxe8 Kxe8 22. bxa3 Bxe5 23. dxe5 Kf7 24. Rfe1 Be6 25. Rc3 Qd4 26. Rf3+ Kg7 27. h3 Qd2 28. Rb1 Qd7 29. Rc1 Bc4 30. Rfc3 Qd5 31. a4 Qxe5 32. axb5 Bxa2 33. Re3 Qd6 34. b6 Be6 35. Rce1 Kf7 36. Rxe6 Qxe6 37. Rxe6 Kxe6 38. Kh2 Kd6 39. Kg3 h6 40. Kg4 Kc6 41. h4 e6 42. f4 Kxb6 43. h5 gxh5+ 44. Kxh5 Kc6 45. Kxh6 b5 46. g4 b4 47. g5 b3 48. g6 b2 49. g7 b1=Q 50. g8=Q Qh1+ 51. Kg7 Qg2+ 52. Kf8 Qxg8+ 53. Kxg8 1/2-1/2

[Event "HUN-ch U8-U18 2019"]
[Site "Balatonlelle"]
[Date "2019.06.21"]
[Round "2.31"]
[White "Csontos, Aron"]
[Black "Vadkerti, Vince"]
[Result "1/2-1/2"]
[ECO "B22"]
[WhiteElo "1376"]
[BlackElo "1558"]
[Annotator "NA"]
[PlyCount "66"]
[EventDate "2019.06.21"]
[EventType "swiss"]
[EventCountry "HUN"]
[SourceTitle "playchess.com"]
[Source "ChessBase"]
[SourceQuality "1"]
[TimeControl "40/5400+30:1800+30"]

1. e4 c5 2. c3 d5 3. exd5 Qxd5 4. d4 cxd4 5. cxd4 Nf6 6. Nc3 Qd8 7. Bc4 Bf5 8. Qb3 e6 9. Qxb7 Nbd7 10. Bf4 Rc8 11. Ba6 Rxc3 12. bxc3 Be4 13. Qxa7 Bxg2 14. Bb7 Bxh1 15. Bxh1 Nd5 16. Bxd5 exd5 17. Nf3 Be7 18. Ne5 Nxe5 19. Bxe5 O-O 20. Rb1 Bd6 21. Bxd6 Qxd6 22. h4 Re8+ 23. Kd2 Qf4+ 24. Kc2 Qxf2+ 25. Kb3 Qh2 26. Ka3 Qd6+ 27. Rb4 Rc8 28. Kb3 Qc6 29. Qc5 Qxc5 30. dxc5 f5 31. Rd4 Rxc5 32. Kb4 Rc7 33. Rxd5 f4 1/2-1/2